 Dungeon Crawl Stone Soup version 0.18.0-1-g0107ab7 (webtiles) character file.

71 Alarkh the Poker (level 4, -5/33 HPs)
             Began as a Mummy Skald on May 5, 2016.
             Slain by a gnoll
             ... wielding a +0 spear
              (9 damage)
             ... on level 1 of the Dungeon.
             The game lasted 00:01:59 (1099 turns).

Alarkh the Poker (Mummy Skald)                      Turns: 1099, Time: 00:02:00

Health: -5/33      AC:  3    Str: 15    XL:     4   Next: 5%
Magic:  3/7        EV: 11    Int: 12    God:
Gold:   15         SH:  0    Dex: 11    Spells: 3 memorised, 2 levels left

rFire  x . .     SeeInvis .     a - +0 spear
rCold  + . .     Gourm    .     b - +0 leather armour
rNeg   + + +     Faith    .     (no shield)
rPois  ∞         Spirit   .     (no helmet)
rElec  .         Dismiss  .     (no cloak)
rCorr  .         Reflect  .     (no gloves)
SustAt +         Harm     .     (no boots)
MR     .....                    (no amulet)
Stlth  +.........               (no ring)
                                h - ring of sustain attributes

@: infused (expiring), not resistant to hostile enchantments, very unstealthy
A: no food or potions, fire vulnerability, cold resistance 1, negative energy
resistance 3, torment resistance, unbreathing
a: no special abilities


You were on level 1 of the Dungeon.
You were not hungry.

You visited 1 branch of the dungeon, and saw 2 of its levels.

You collected 15 gold pieces.

Inventory:

Hand Weapons
 a - a +0 spear (weapon)
Armour
 b - a +0 leather armour (worn)
Jewellery
 h - a ring of sustain attributes (left hand)
Scrolls
 d - a scroll of enchant armour
 e - a scroll of remove curse
 g - 2 scrolls of teleportation
Books
 c - a book of Battle

   Spells                             Type                      Level
   a - Infusion                       Charms                       1
   b - Shroud of Golubria             Charms/Translocation         2
   c - Song of Slaying                Charms                       2
   d - Spectral Weapon                Hexes/Charms                 3
   e - Regeneration                   Charms/Necromancy            3


   Skills:
 - Level 2.0 Fighting
 + Level 3.5 Polearms
 - Level 0.7 Armour
 - Level 0.7 Dodging
 - Level 2.0 Spellcasting
 - Level 2.4 Charms


You had 2 spell levels left.
You knew the following spells:

 Your Spells              Type           Power        Failure   Level  Hunger
a - Infusion              Chrm           #...         14%         1    N/A
b - Song of Slaying       Chrm           #.......     21%         2    N/A
e - Shroud of Golubria    Chrm/Tloc      #.........   34%         2    N/A

Dungeon Overview and Level Annotations

Branches:
Dungeon (2/15)

Altars:


Innate Abilities, Weirdness & Mutations

You do not eat or drink.
Your flesh is vulnerable to fire.
You are immune to poison.
Your flesh is cold resistant.
You are immune to negative energy.
You are immune to unholy pain and torment.
You can survive without breathing.


Message History

Your shroud falls apart!
You closely miss the gnoll.
The gnoll is heavily wounded.
The gnoll hits you with a spear!
* * * LOW HITPOINT WARNING * * *
You are too injured to fight recklessly!
You hit the gnoll but do no damage.
The gnoll is heavily wounded.
A gnoll comes into view. It is wielding a club.
You barely miss the gnoll.
The gnoll is heavily wounded.
The gnoll hits you with a spear.
* * * LOW HITPOINT WARNING * * *
The gnoll hits you with a spear.
* * * LOW HITPOINT WARNING * * *
You climb upwards.
Your magical infusion is running out.
There is a stone staircase leading down here.
The gnoll hits you from afar with a spear!
You die...

################ #..............#
#.############.#########
#.......................
#################.########.
#.................# #.
#.##############..# #† #.#
#.@.......# #. #.# ##>#.#.#.#.##
#. #.# #.g.........# #. #.#
#..#.#.#.#.)# #.
#######.######...........#######.
................#.#.#.#.......##.
........#######...).....########.
#####.### #.#.#.#.#....# #. #.#
#.........##.# #.


You could see a gnoll.

Vanquished Creatures
  2 gnolls (D:1)
  3 oozes (D:1)
  A worm (D:1)
  A dart slug (D:1)
  A giant gecko (D:1)
  3 bats (D:1)
  3 giant cockroaches (D:1)
  9 goblins (D:1)
  2 hobgoblins (D:1)
  A giant newt (D:1)
  3 kobolds (D:1)
  3 rats (D:1)
32 creatures vanquished.

Notes
Turn   | Place    | Note
--------------------------------------------------------------
     0 | D:1      | Alarkh the Mummy Skald began the quest for the Orb.
     0 | D:1      | Reached XP level 1. HP: 16/16 MP: 3/3
    72 | D:1      | Reached skill level 2 in Polearms
    92 | D:1      | Reached XP level 2. HP: 17/22 MP: 1/5
   112 | D:1      | Learned a level 2 spell: Song of Slaying
   115 | D:1      | Learned a level 2 spell: Shroud of Golubria
   331 | D:1      | Reached XP level 3. HP: 20/27 MP: 1/6
   361 | D:1      | Reached skill level 3 in Polearms
  1046 | D:1      | Reached XP level 4. HP: 26/33 MP: 3/7
  1099 | D:1      | Slain by a gnoll

Skill      XL: |  1  2  3 |
---------------+----------+-----
Polearms       | 2 3 |  3.5
Fighting       | |  2.0
Armour         | |  0.7
Dodging        | |  0.7
Spellcasting   | |  2.0
Charms         | |  2.4

Action                   |  1- 3 |  4- 6 || total
-------------------------+-------+-------++-------
Melee: Spear             |   122 |     6 ||   128
 Cast: Infusion          |    14 |     1 ||    15
       Shroud of Golubri |       |     1 ||     1
  Use: Scroll            |     3 |       ||     3
Armor: Leather armour    |    27 |       ||    27
Dodge: Dodged            |    48 |     1 ||    49
